 Dungeon Crawl Stone Soup version 0.24-a0-441-g27f0392e16 (webtiles) character file.

Game seed: 3007380942686306209

11587 Peloso the Carver (level 11, -23/92 HPs)
             Began as a Minotaur Fighter on June 20, 2019.
             Was a High Priest of Okawaru.
             Annihilated by a white ugly thing (24 damage)
             ... on level 11 of the Dungeon.
             The game lasted 00:22:15 (10309 turns).

Peloso the Carver (Minotaur Fighter)               Turns: 10309, Time: 00:22:16

Health: -23/92     AC: 19    Str: 25    XL:     11   Next: 51%
Magic:  10/10      EV: 18    Int:  5    God:    Okawaru [*****.]
Gold:   564        SH: 18    Dex: 17    Spells: 10/10 levels left

rFire    . . .     SeeInvis +   a - +3 falchion
rCold    . . .     Gourm    .   c - +0 shield
rNeg     . . .     Faith    .   J - +8 ring mail "Dumman" {*Slow rElec rPois SInv}
rPois    +         Spirit   .   (helmet restricted)
rElec    +         Reflect  +   H - +0 cloak
rCorr    .         Harm     .   r - +0 pair of gloves
MR       .....                  (no boots)
Stlth    ++........             s - +4 amulet of reflection
HPRegen  0.25/turn              y - +1 ring of protection
MPRegen  0.12/turn              B - +3 ring of strength

@: agile
A: retaliatory headbutt, horns 2
a: Heroism, Finesse, Renounce Religion


You were on level 11 of the Dungeon.
You worshipped Okawaru.
Okawaru was extremely pleased with you.
You were hungry.

You visited 2 branches of the dungeon, and saw 12 of its levels.

You collected 564 gold pieces.

Inventory:

Hand Weapons
 a - a +3 falchion (weapon)
 d - the +6 great sword "Killer Klown's Peril" {venom, rN+, unknown}
   (Okawaru gifted it to you on level 8 of the Dungeon)

   It poisons the flesh of those it strikes.
   It protects you from negative energy.
Armour
 b - a +0 chain mail
 c - a +0 shield (worn)
 r - a +0 pair of gloves (worn)
 H - a +0 cloak (worn)
 J - the +8 ring mail "Dumman" (worn) {*Slow rElec rPois SInv}
   (You found it on level 8 of the Dungeon)

   It insulates you from electricity.
   It protects you from poison.
   It lets you see invisible.
   It may slow you when you take damage.
 L - the +5 plate armour "Zyovac" {Int+4}
   (You found it on level 7 of the Dungeon)

   It affects your intelligence (+4).
Jewellery
 m - an uncursed ring of resist corrosion
 o - an uncursed ring of flight
 s - a +4 amulet of reflection (around neck)
 y - a +1 ring of protection (left hand)
 B - a +3 ring of strength (right hand)
 C - an uncursed ring of protection from cold
 E - an uncursed ring of protection from fire
 F - an uncursed ring of fire
 K - an uncursed ring of wizardry
 M - a +1 ring of evasion {unknown}
Wands
 u - a wand of random effects (10)
 v - a wand of iceblast (25)
 Q - a wand of disintegration (18)
Scrolls
 e - 4 scrolls of remove curse
 h - 7 scrolls of teleportation
 l - 2 scrolls of noise
 n - a scroll of blinking
 p - 3 scrolls of amnesia
 t - 2 scrolls of fog
 w - 3 scrolls of enchant weapon {unknown}
 G - a scroll of summoning {unknown}
 N - a scroll of magic mapping {unknown}
 O - a scroll of vulnerability {unknown}
 P - a scroll of enchant armour {unknown}
Potions
 g - 6 potions of curing
 i - 3 potions of haste
 j - 5 potions of mutation
 k - a potion of berserk rage {unknown}
 q - a potion of brilliance {unknown}
 x - 4 potions of flight {unknown}
 z - 2 potions of agility
 A - 2 potions of heal wounds {unknown}
 D - 2 potions of resistance {unknown}
 I - a potion of degeneration {unknown}
Comestibles
 f - 12 rations


   Skills:
 + Level 7.5 Fighting
 + Level 12.9 Long Blades
 + Level 9.7 Armour
 + Level 4.2 Dodging
 + Level 1.3 Stealth
 + Level 12.8 Shields
 + Level 1.0 Invocations
 + Level 0.5 Evocations


You had 10 spell levels left.
You didn't know any spells.
Your spell library contained the following spells:

 Spells                   Type           Power        Failure   Level  Hunger
 Apportation              Tloc           #.....       69%         1    ##.....
 Magic Dart               Conj           #...         69%         1    ##.....
 Summon Butterflies       Summ           #.......     69%         1    ##.....
 Blink                    Tloc           N/A          83%         2    ###....
 Call Imp                 Summ           #.......     83%         2    ###....
 Slow                     Hex            #.......     83%         2    ###....
 Conjure Flame            Conj/Fire      #.......     96%         3    ####...
 Lesser Beckoning         Tloc           #.........   96%         3    ####...
 Mephitic Cloud           Conj/Pois/Air  #.......     96%         3    ####...
 Tukima's Dance           Hex            #.......     96%         3    ####...
 Alistair's Intoxication  Tmut/Pois      #.......     100%        5    ######.
 Invisibility             Hex            #.......     100%        6    #######


Dungeon Overview and Level Annotations

Branches:
Dungeon (11/15)            Temple (1/1) D:4            Lair (0/6) D:8
    Orc (0/2) D:10

Altars:
Ashenzari
Cheibriados
Dithmenos
Elyvilon
Fedhas
Gozag
Hepliaklqana
Kikubaaqudgha
Makhleb
Nemelex Xobeh
Okawaru
Qazlal
Ru
Sif Muna
Trog
Uskayaw
Vehumet
Wu Jian
Yredelemnul
Zin
The Shining One

Shops:
D:4 *

Annotations:
D:5 3 runed translucent doors, P0WERM0DE's ghost, novice GrFi; PeterQ's ghost, amateur GnAs; Pixllover's ghost, novice MiBe; Shaidar's ghost, novice GrFi


Innate Abilities, Weirdness & Mutations

You reflexively headbutt those who attack you in melee.
You have a pair of horns on your head.


Message History

You hit the white ugly thing.
The white ugly thing is moderately wounded.
The white ugly thing stings you! The white ugly thing freezes you!!
You closely miss the white ugly thing.
The white ugly thing is moderately wounded.
The white ugly thing stings you.
* * * LOW HITPOINT WARNING * * *
The white ugly thing freezes you!
* * * LOW HITPOINT WARNING * * *
You closely miss the white ugly thing.
The white ugly thing is moderately wounded.
You barely miss the white ugly thing. You headbutt the white ugly thing!
The white ugly thing is moderately wounded.
The white ugly thing stings you but does no damage.
You closely miss the white ugly thing.
The white ugly thing is moderately wounded.
The white ugly thing stings you!
* * * LOW HITPOINT WARNING * * *
The white ugly thing freezes you!!
You die...

. #.#####'###.####### .
#.'.......#.# .
#.#.......#.#
.###########.#.......#)#
.#...........#########[#
##....................)#####
...........................#
.......#######.............#
.......# #..@..........#
.......# #..u..........#
.......# #.....#+###...#
.......# ###...# ...#
.......# #...# ...# .......#
#...# .... ##.....# #...#
.#.....# #...#
.#.....#########...#####


You could see a white ugly thing.

Vanquished Creatures
  Erolcha (D:9)
  A two-headed ogre (D:10)
  3 death yaks (D:8)
  A troll (D:10)
  Grinder (D:4)
  A hippogriff (D:11)
  2 wraiths
  A vampire (D:10)
  A wyvern (D:9)
  A hungry ghost (D:8)
  Eustachio (D:6)
  6 yaks (D:6)
  2 water moccasins
  3 porcupines (D:8)
  4 sky beasts
  2 ice beasts
  3 black bears
  4 orc warriors
  A necrophage (D:11)
  A phantom (D:8)
  4 ogres
  2 centaurs
  A big kobold (D:5)
  5 bullfrogs
  A water moccasin zombie (D:5)
  3 scorpions
  7 wights
  9 killer bees (D:9)
  3 howler monkeys
  5 crimson imps
  A centaur zombie (D:10)
  A bullfrog zombie (D:10)
  A quasit (D:8)
  6 hounds
  3 jellies
  7 orc priests
  A bullfrog skeleton (D:4)
  3 iguanas
  14 orc wizards
  7 worker ants
  2 hound skeletons
  2 hound zombies
  A worker ant zombie (D:11)
  6 gnolls
  10 adders
  2 shadow imps (D:10)
  An ooze (D:2)
  An adder skeleton (D:8)
  6 worms
  4 dart slugs
  6 leopard geckos
  38 orcs
  A ball python (D:2)
  10 bats
  7 giant cockroaches
  8 goblins
  9 hobgoblins
  14 jackals
  11 quokkas
  3 frilled lizards
  14 kobolds
  A leopard gecko skeleton (D:8)
  A quokka skeleton (D:4)
  14 rats
296 creatures vanquished.

Vanquished Creatures (others)
  A cyclops (D:11)
  A centaur (D:9)
  A kobold (D:5)
  2 withered plants (D:5)
5 creatures vanquished.

Grand Total: 301 creatures vanquished

Notes
Turn   | Place    | Note
-------+----------+-------------------------------------------
     0 | D:1      | Peloso the Minotaur Fighter began the quest for the Orb.
     0 | D:1      | Reached XP level 1. HP: 19/19 MP: 0/0
   124 | D:1      | Reached XP level 2. HP: 21/27 MP: 1/1
   952 | D:1      | Reached XP level 3. HP: 33/33 MP: 2/2
  1071 | D:2      | Reached skill level 1 in Dodging
  1071 | D:2      | Reached XP level 4. HP: 35/40 MP: 3/3
  1732 | D:3      | Reached XP level 5. HP: 46/46 MP: 4/4
  2984 | D:4      | Reached skill level 5 in Long Blades
  3005 | D:4      | Reached XP level 6. HP: 43/53 MP: 5/5
  3150 | D:4      | Reached skill level 5 in Shields
  3265 | D:4      | Found a staircase to the Ecumenical Temple.
  3294 | Temple   | Entered the Ecumenical Temple
  3421 | Temple   | Became a worshipper of Warmaster Okawaru
  3533 | D:4      | Reached skill level 5 in Armour
  3564 | D:4      | Noticed Grinder
  3575 | D:4      | Killed Grinder
  3575 | D:4      | Reached XP level 7. HP: 46/60 MP: 6/6
  3726 | D:4      | Found Mollod's Assorted Antiques.
  3745 | D:5      | Entered Level 5 of the Dungeon
  4158 | D:5      | Reached * piety under Okawaru
  4222 | D:5      | Reached XP level 8. HP: 67/67 MP: 7/7
  4250 | D:5      | Found a runed translucent gate.
  4251 | D:5      | Found a runed translucent gate.
  4252 | D:5      | Found a runed translucent gate.
  4253 | D:5      | Noticed Shaidar's ghost (novice GrFi)
  4253 | D:5      | Noticed PeterQ's ghost (amateur GnAs)
  4253 | D:5      | Noticed Pixllover's ghost (novice MiBe)
  4253 | D:5      | Noticed P0WERM0DE's ghost (novice GrFi)
  4427 | D:5      | Found an opulent altar of Gozag.
  4652 | D:5      | Found a deep blue altar of Sif Muna.
  5154 | D:6      | Reached skill level 5 in Fighting
  5327 | D:6      | Noticed Eustachio
  5338 | D:6      | Killed Eustachio
  5338 | D:6      | Reached ** piety under Okawaru
  5400 | D:6      | Reached XP level 9. HP: 41/74 MP: 8/8
  5426 | D:6      | Reached *** piety under Okawaru
  6226 | D:7      | You fall into a shaft and drop 2 floors!
  6314 | D:9      | Noticed Erolcha
  6333 | D:9      | Killed Erolcha
  6333 | D:9      | Reached **** piety under Okawaru
  6333 | D:9      | Reached skill level 10 in Long Blades
  6333 | D:9      | Reached skill level 10 in Shields
  6356 | D:9      | Reached XP level 10. HP: 50/83 MP: 6/9
  6976 | D:8      | Noticed a death yak
  6977 | D:8      | Noticed a death yak
  6984 | D:8      | Noticed a death yak
  6998 | D:8      | Killed a death yak
  7013 | D:8      | Killed a death yak
  7013 | D:8      | Reached ***** piety under Okawaru
  7013 | D:8      | Received a gift from Okawaru
  7470 | D:8      | Killed a death yak
  7493 | D:8      | Found a staircase to the Lair.
  7495 | D:8      | Got a slimy great sword {god gift}
  7678 | D:8      | Reached skill level 1 in Stealth
  7692 | D:8      | Found a glowing silver altar of Zin.
  7720 | D:8      | Reached XP level 11. HP: 81/92 MP: 10/10
  7773 | D:8      | Got a twisted ring mail
  7784 | D:8      | Identified the +8 ring mail "Dumman" {*Slow rElec rPois
                  | SInv} (You found it on level 8 of the Dungeon)
  8669 | D:7      | Got a polished plate armour
  8680 | D:7      | Identified the +5 plate armour "Zyovac" {Int+4} (You found
                  | it on level 7 of the Dungeon)
  8819 | D:10     | Entered Level 10 of the Dungeon
  9252 | D:10     | Found a staircase to the Orcish Mines.
  9299 | D:10     | Noticed a two-headed ogre
  9311 | D:10     | Killed a two-headed ogre
  9947 | D:11     | Reached skill level 1 in Invocations
 10288 | D:11     | Noticed a white ugly thing
 10309 | D:11     | HP: 1/92 [white ugly thing (9)]
 10309 | D:11     | Annihilated by a white ugly thing

Levels and vault maps discovered:
D:1:      elethiomel_arrival_shortcut, layout_basic
D:2:      layout_basic, corner_web_ring
D:3:      layout_basic
D:4:      layout_gridville, minmay_temple_entry_drinking_statues, serial_shops,
          shop, first_ration, uniq_grinder
D:5:      layout_layer_cave, led_sif_book, basic_altar,
          gammafunk_ghost_cemetery, kennysheep_generic_room_13
D:6:      layout_gridville, uniq_eustachio
D:7:      layout_basic
D:8:      layout_loops_corners, dpeg_lair_monsters, basic_altar
D:9:      layout_rooms, uniq_erolcha
D:10:     layout_loops_corners, orc_0_dummy
D:11:     layout_irregular_city
Temple:   minmay_crystal_snake_temple

Skill      XL: |  1  2  3  4  5  6  7  8  9 10 11 |
---------------+----------------------------------+-----
Armour         | 4 5 6 7 8 9 |  9.7
Shields        | 4 5 6 8 10 11 12 | 12.8
Fighting       | 4 5 7 |  7.5
Long Blades    | 3 4 5 6 7 8 10 12 | 12.9
Dodging        | 1 2 3 4 |  4.2
Stealth        | 1 |  1.3
Invocations    | 1 |  1.0
Evocations     | |  0.5

Action                   |  1- 3 |  4- 6 |  7- 9 | 10-12 || total
-------------------------+-------+-------+-------+-------++-------
Melee: Long sword        |    67 |   203 |    17 |       ||   287
       Headbutt          |     7 |    33 |    65 |   131 ||   236
       Falchion          |       |       |   254 |   488 ||   742
Invok: Heroism           |       |       |     1 |     4 ||     5
Evoke: Wand              |       |       |     3 |       ||     3
  Use: Scroll            |       |       |    11 |     1 ||    12
       Potion            |       |       |       |     3 ||     3
  Eat: Chunk             |       |     5 |     9 |    12 ||    26
       Ration            |       |     1 |       |     1 ||     2
Armor: Scale mail        |    22 |       |       |       ||    22
       Chain mail        |    17 |    93 |   119 |    36 ||   265
       Ring mail         |       |       |       |    42 ||    42
Dodge: Dodged            |    19 |    49 |    74 |    95 ||   237
Block: Shield            |    36 |   142 |   242 |   296 ||   716
       Reflection        |       |       |     6 |     8 ||    14
       Rpst.: Long sword |     9 |     8 |       |       ||    17
       Falchion          |       |       |    15 |    23 ||    38

Table legend:
 A = Non-vault XP
 B = Vault XP
 C = Vault XP percentage of total XP
 D = Non-vault monster count
 E = Vault monster count
 F = Vault count percentage of total count
                 A         B        C        D         E       F
            +---------+---------+-------+---------+---------+-------
      Total |   11870 |    4683 |  28.3 |     281 |      17 |   5.7
            +---------+---------+-------+---------+---------+-------
        D:1 |      41 |       0 |   0.0 |      25 |       0 |   0.0
        D:2 |     167 |       0 |   0.0 |      35 |       0 |   0.0
        D:3 |     114 |       0 |   0.0 |      28 |       0 |   0.0
        D:4 |     476 |     277 |  36.8 |      21 |       1 |   4.5
        D:5 |     583 |      90 |  13.4 |      22 |       3 |  12.0
        D:6 |    1836 |     191 |   9.4 |      24 |       1 |   4.0
        D:7 |     520 |       0 |   0.0 |      18 |       0 |   0.0
        D:8 |    1668 |    3107 |  65.1 |      32 |      11 |  25.6
        D:9 |    1582 |    1018 |  39.2 |      30 |       1 |   3.2
       D:10 |    2743 |       0 |   0.0 |      22 |       0 |   0.0
       D:11 |    2140 |       0 |   0.0 |      24 |       0 |   0.0
            +---------+---------+-------+---------+---------+-------
